 Dungeon Crawl Stone Soup version 0.30-a0-178-g4db885d750 (webtiles) character file.

Game seed: 1270937681503136963

28 Aibolit the Shooter (level 3, -6/29 HPs)
             Began as a Palentonga Hunter on Oct 3, 2022.
             Killed from afar by Sigmund (10 damage)
             ... with a puff of flame
             ... on level 2 of the Dungeon.
             The game lasted 00:01:47 (805 turns).

Aibolit the Shooter (Palentonga Hunter)              Turns: 805, Time: 00:01:48

Health: -6/29      AC:  4    Str: 16    XL:     3   Next: 0%
Magic:  3/3        EV: 10    Int:  9    God:
Gold:   50         SH:  0    Dex: 15    Spells: 2/2 levels left

rFire   . . .      SeeInvis +    a - +0 shortbow
rCold   . . .      Faith    .    (shield currently unavailable)
rNeg    . . .      Spirit   .    c - +0 leather armour
rPois   .          Reflect  .    (no helmet)
rElec   .          Harm     .    (no cloak)
rCorr   .          Rampage  .    (no gloves)
Will    .....                    (no barding)
Stlth   +.........               (no amulet)
HPRegen 0.24/turn                (no ring)
MPRegen 0.08/turn                (no ring)

@: confused
A: large, rugged brown scales 3, see invisible, deformed body, roll 1, armoured
tail
a: Rolling Charge


You were on level 2 of the Dungeon.
You visited 1 branch of the dungeon, and saw 2 of its levels.

You collected 50 gold pieces.

Inventory:

Hand Weapons
 a - a +0 shortbow (weapon)
Armour
 c - a +0 leather armour (worn)
 g - an orb of mayhem
Scrolls
 b - a scroll of immolation
Potions
 d - a potion of curing {unknown}
 e - a potion of brilliance {unknown}
 f - 2 potions of cancellation


   Skills:
 + Level 2.4 Fighting
 + Level 3.5 Ranged Weapons
 + Level 2.0 Dodging
 + Level 1.1 Stealth


You had 2 spell levels left.
You didn't know any spells.
Your spell library was empty.

Dungeon Overview and Level Annotations

Branches:
Dungeon (2/15)

Altars:

Annotations:
D:2 Sigmund


Innate Abilities, Weirdness & Mutations

You are completely covered in rugged brown scales. (AC +3, +7% HP)
You have supernaturally acute eyesight. (SInv)
Armour fits poorly on your strangely shaped body.
You can roll at nearby foes to attack.
You have a long armoured tail.


Message History

You shoot an arrow. The arrow closely misses Sigmund.
You shoot an arrow. The arrow hits Sigmund!
Sigmund is moderately wounded.
Sigmund gestures wildly while chanting.
Sigmund flickers and vanishes for a moment.
Sigmund hits you but does no damage.
You shoot an arrow. The arrow closely misses Sigmund.
Sigmund laughs darkly.
Sigmund points at you and mumbles some strange words.
The puff of flame hits you.
You shoot an arrow. The arrow hits Sigmund.
Sigmund is heavily wounded.
Sigmund gestures at you while chanting. The puff of flame hits you!
You shoot an arrow. The arrow hits Sigmund!
Sigmund is almost dead.
Sigmund hits you from afar with a +0 scythe!
* * * LOW HITPOINT WARNING * * *
You are too injured to fight recklessly!
You are too injured to fight recklessly!
You are too injured to fight recklessly!
You are too injured to fight recklessly!
You are too injured to fight recklessly!
Unknown command.
You are too injured to fight recklessly!
You are too injured to fight recklessly!
Sigmund closely misses you.
You shoot an arrow. The arrow barely misses Sigmund.
Sigmund gestures at you while chanting.
You are confused.
You clumsily bash Sigmund but do no damage.
Sigmund is almost dead.
Sigmund closely misses you.
You bump into the rock wall.
Sigmund hits you but does no damage. Sigmund hits you with a +0 scythe.
* * * LOW HITPOINT WARNING * * *
You bump into the rock wall.
Sigmund points at you and mumbles some strange words.
The puff of flame hits you!
You die...

#........## #.........#
#####....#+#.# #.....##.#
#.##### ###.##..##.#
#.....# <.#).#..##.#
#####.###
.###.#...#.#.##......#
.....####..#...(######.#.
###### .##....@@†..)...
#........########
####.###.# #. ... . #.#..
.. +. ... .. ## ....
.<...


You could see Sigmund (invisible).

Vanquished Creatures
  2 bats (D:1)
  4 endoplasms
  4 goblins
  3 hobgoblins
  4 jackals (D:1)
  A quokka (D:1)
  A ball python (D:1)
  3 frilled lizards
  A rat (D:1)
23 creatures vanquished.

Notes
Turn   | Place    | Note
-------+----------+-------------------------------------------
     0 | D:1      | Aibolit the Palentonga Hunter began the quest for the Orb.
     0 | D:1      | Reached XP level 1. HP: 17/17 MP: 1/1
   261 | D:1      | Found a faded altar of an unknown god.
   297 | D:1      | Reached XP level 2. HP: 23/23 MP: 2/2
   387 | D:1      | Reached skill level 1 in Stealth
   789 | D:2      | Reached XP level 3. HP: 29/29 MP: 3/3
   789 | D:2      | Noticed Sigmund
   805 | D:2      | Killed from afar by Sigmund

Illustrated notes

Levels and vault maps discovered:
D:1:      onia_arrival_mini_spirals, layout_basic,
          shapermc_ecumenical_altar_ellora
D:2:      layout_basic, nrook_loot_triangle, minmay_pentomino_s4, uniq_sigmund

Skill      XL: |  1  2 |
---------------+-------+-----
Stealth        | 1 |  1.1
Dodging        | 2 |  2.0
Fighting       | |  2.4
Ranged Weapons | |  3.5

Action                   || total
-------------------------++-------
Melee: Shortbow          ||     3
       Tailslap          ||     1
 Fire: Shortbow          ||    57
 Abil: Rolling Charge    ||     2
  Use: Scroll            ||     1
Armor: Leather armour    ||    10
Dodge: Dodged            ||    12

Table legend: (Time is in decaauts)
 A = Elapsed time spent in this place.
 B = Non-inter-level travel time spent in this place.
 C = Inter-level travel time spent in this place.
 D = Time resting spent in this place.
 E = Time spent auto-exploring this place.
 F = Levels seen in this place.
 G = Mean time per level.
                   A        B        C        D        E       F      G
               +--------+--------+--------+--------+--------+-----+--------+
         Total |    827 |    810 |     17 |      0 |    685 |   2 |  413.5 |
       Dungeon |    827 |    810 |     17 |      0 |    685 |   2 |  413.5 |
               +--------+--------+--------+--------+--------+-----+--------+

Top non-repeatable levels by time:
     D:1: 756 daAuts
     D:2: 70 daAuts
